 Dungeon Crawl Stone Soup version 0.26.1-11-gd32895ea62 (webtiles) character file.

Game seed: 1493470961257191606

228 Eitelfritz the Slasher (level 5, -1/45 HPs)
             Began as a Minotaur Gladiator on July 10, 2021.
             Killed by divine providence
             ... invoked by an orc priest
              (13 damage)
             ... on level 3 of the Dungeon.
             The game lasted 00:03:42 (2770 turns).

Eitelfritz the Slasher (Minotaur Gladiator)         Turns: 2770, Time: 00:03:42

Health: -1/45      AC:  5    Str: 18    XL:     5   Next: 70%
Magic:  4/4        EV: 12    Int:  6    God:
Gold:   153        SH:  0    Dex: 12    Spells: 4/4 levels left

rFire    . . .     SeeInvis .   a - +0 long sword
rCold    . . .     Faith    .   (no shield)
rNeg     . . .     Spirit   .   n - +0 ring mail
rPois    .         Reflect  .   c - +0 hat
rElec    .         Harm     .   (no cloak)
rCorr    .         Rampage  .   (no gloves)
Will     .....                  (no boots)
Stlth    +.........             (no amulet)
HPRegen  0.15/turn              (no ring)
MPRegen  0.09/turn              (no ring)

@: slowed, very slow
A: retaliatory headbutt, horns 2
a: no special abilities


You were on level 3 of the Dungeon.
You visited 1 branch of the dungeon, and saw 3 of its levels.

You collected 153 gold pieces.

Inventory:

Hand Weapons
 a - a +0 long sword (weapon)
Missiles
 d - 3 throwing nets (quivered)
 f - 5 boomerangs of dispersal
Armour
 c - a +0 hat (worn)
 n - a +0 ring mail (worn)
 q - a +0 scale mail
Jewellery
 k - an uncursed amulet of reflection {unknown}
Wands
 m - a wand of paralysis (8)
Scrolls
 g - 2 scrolls of amnesia {unknown}
 h - 4 scrolls of identify {unknown}
 l - a scroll of magic mapping {unknown}
 r - a scroll of fog {unknown}
 s - a scroll of teleportation {unknown}
Potions
 b - a potion of brilliance {unknown}
 e - 2 potions of mutation {unknown}
 i - a potion of invisibility {unknown}
 j - 2 potions of curing {unknown}
 o - a potion of lignification {unknown}
 p - a potion of heal wounds {unknown}


   Skills:
 + Level 3.1 Fighting
 + Level 5.9 Long Blades
 + Level 2.1 Throwing
 + Level 2.6 Armour
 + Level 4.4 Dodging
 + Level 0.2 Stealth


You had 4 spell levels left.
You didn't know any spells.
Your spell library contained the following spells:

 Spells                   Type           Power        Failure   Level
 Magic Dart               Conj           0%           65%         1
 Searing Ray              Conj           0%           78%         2
 Dazzling Flash           Conj/Hex       0%           95%         3
 Fulminant Prism          Conj/Hex       0%           100%        4
 Iskenderun's Mystic Bla  Conj/Tloc      0%           100%        4


Dungeon Overview and Level Annotations

Branches:
Dungeon (3/15)

Altars:
Ashenzari


Innate Abilities, Weirdness & Mutations

You reflexively headbutt those who attack you in melee.
You have a pair of horns on your head.


Message History

An orc comes into view.
The orc wizard gestures at you while chanting.
The magic dart hits you! The orc wizard misses you.
The orc wizard hits you but does no damage.
You hit the orc wizard.
The orc wizard is almost dead.
The orc wizard hits you with a +0 dagger.
* * * LOW HITPOINT WARNING * * *
The orc wizard completely misses you.
You riposte.
You slash the orc wizard! You headbutt the orc wizard.
You kill the orc wizard!
The orc wizard casts a spell.
The orc wizard seems to speed up.
The orc wizard casts a spell.
The orc wizard blinks!
You hit the orc but do no damage.
The orc is severely wounded.
The orc priest invokes the aid of Beogh against you.
Beogh smites you!
You die...

.≈≈.≈≈♣.≈≈.....#.#..#####
..≈..≈≈..≈.#####.#†.....#
..♣#≈≈≈............####.#
...###.#. ######)..# ...#
.# #.........# .....
..######..#### +#####
#............# .#
#.#####o#.##.# .# #@#..#
# .. #o#..# ... #.#..#
.... #o#.## ... #o#.. ..
#o# #o# #.#


You could see an orc priest, an orc wizard (fast) and 4 orcs.

Vanquished Creatures
  An orc priest (D:3)
  An orc wizard (D:3)
  Jessica (D:2)
  Natasha (twice) (D:2)
  3 adders
  2 oozes
  2 dart slugs
  A leopard gecko (D:2)
  3 orcs (D:3)
  A giant cockroach (D:3)
  5 hobgoblins
  5 kobolds
  A ball python (D:2)
  7 bats
  4 frilled lizards
  12 goblins
  7 rats
58 creatures vanquished.

Notes
Turn   | Place    | Note
-------+----------+-------------------------------------------
     0 | D:1      | Eitelfritz the Minotaur Gladiator began the quest for the
                  | Orb.
     0 | D:1      | Reached XP level 1. HP: 18/18 MP: 0/0
   486 | D:1      | Reached XP level 2. HP: 18/25 MP: 1/1
   690 | D:1      | Reached skill level 1 in Armour
  1244 | D:2      | Reached XP level 3. HP: 30/30 MP: 2/2
  1330 | D:2      | Reached skill level 4 in Long Blades
  1519 | D:2      | Noticed Natasha
  1529 | D:2      | Killed Natasha
  1561 | D:2      | Reached XP level 4. HP: 25/37 MP: 3/3
  1663 | D:2      | Noticed Jessica
  1668 | D:2      | Killed Jessica
  1974 | D:2      | Noticed Natasha
  1980 | D:2      | Killed Natasha
  1981 | D:2      | Reached skill level 5 in Long Blades
  2311 | D:2      | Found a broken altar of Ashenzari.
  2497 | D:3      | Reached XP level 5. HP: 44/44 MP: 4/4
  2770 | D:3      | Killed from afar by an orc priest

Illustrated notes

Levels and vault maps discovered:
D:1:      minmay_arrival_arboretum_small, layout_loops_corners
D:2:      layout_loops_corners, ashenzari_altar_1, uniq_natasha, uniq_jessica
D:3:      layout_basic, serial_park_tiny_pond, chequers_serial_rivers_marsh,
          st_stairs_5, xom_teletrap_fun

Skill      XL: |  1  2  3  4  5 |
---------------+----------------+-----
Armour         | 1 2 |  2.6
Dodging        | 4 |  4.4
Long Blades    | 4 5 |  5.9
Fighting       | 3 |  3.1
Throwing       | |  2.1
Stealth        | |  0.2

Action                   |  1- 3 |  4- 6 || total
-------------------------+-------+-------++-------
Melee: Long sword        |    66 |    55 ||   121
       Headbutt          |    10 |    11 ||    21
Armor: Leather armour    |    10 |     3 ||    13
       Ring mail         |       |    10 ||    10
Dodge: Dodged            |    48 |    32 ||    80
       Rpst.: Long sword |    12 |     9 ||    21
